 Dungeon Crawl Stone Soup version 0.25-a0-50-gf0389da217 (webtiles) character file.

Game seed: 5047261570314208085, levelgen mode: deterministic

21 Menyeteske the Skirmisher (level 2, 24/24 HPs)
             Began as a Demonspawn Abyssal Knight on Oct 24, 2019.
             Was a Follower of Lugonu.
             Quit the game on level 1 of the Dungeon on Oct 25, 2019.
             The game lasted 00:06:29 (884 turns).

Menyeteske the Skirmisher (DsAK)                     Turns: 884, Time: 00:06:30

Health: 24/24      AC:  4    Str: 12    XL:     2   Next: 65%
Magic:  3/3        EV: 10    Int: 13    God:    Lugonu [*.....]
Gold:   40         SH:  4    Dex: 17    Spells: 1/1 levels left

rFire    . . .     SeeInvis .   a - +1 mace
rCold    . . .     Gourm    .   l - +0 buckler
rNeg     . . .     Faith    .   b - +0 leather armour
rPois    .         Spirit   .   (no helmet)
rElec    .         Reflect  .   e - +0 cloak
rCorr    .         Harm     .   (no gloves)
MR       .....                  (no boots)
Stlth    +.........             (no amulet)
HPRegen  0.08/turn              p - +5 ring of dexterity
MPRegen  0.08/turn              (no ring)

@: no status effects
A: hooves 1
a: Depart the Abyss, Renounce Religion


You were on level 1 of the Dungeon.
You worshipped Lugonu.
Lugonu was aware of your devotion.
You were not hungry.

You visited 1 branch of the dungeon, and saw 1 of its levels.
You visited the Abyss 1 time.

You collected 40 gold pieces.

Inventory:

Hand Weapons
 a - a +1 mace (weapon)
 f - a +0 whip
 g - a +0 whip
 i - a +0 club
 o - a +0 club
Missiles
 m - 17 bolts
Armour
 b - a +0 leather armour (worn)
 e - a +0 cloak (worn)
 l - a +0 buckler (worn)
Jewellery
 p - a +5 ring of dexterity (left hand)
Scrolls
 d - a scroll of remove curse {unknown}
Potions
 k - 2 potions of resistance
 n - a potion of heal wounds {unknown}
Comestibles
 c - 2 rations
 h - 4 chunks of flesh


   Skills:
 + Level 3.5 Fighting
 + Level 2.0 Maces & Flails
 + Level 2.1 Armour
 + Level 1.0 Dodging
 + Level 2.4 Invocations


You had one spell level left.
You didn't know any spells.
Your spell library was empty.

Dungeon Overview and Level Annotations

Branches:
Dungeon (1/15)

Altars:


Innate Abilities, Weirdness & Mutations

You have large cloven feet.


Message History

p - a +5 ring of dexterity (left hand)
You see here a hobgoblin corpse.
You see here 13 stones.
As you read the scroll labeled INTYTA DOUHUGH, it crumbles to dust.
It is a scroll of identify.
k - 2 potions of resistance
As you read the scroll labeled NOGOSO KOFUVYZ, it crumbles to dust.
You hear a very strange noise indeed.
It was a scroll of random uselessness.
You swing at nothing.
You see here 13 stones.
Found a stone staircase leading down.
Found 25 arrows.
d - a scroll labeled HIL ZIKEIGHUU
There are no items here.
Welcome back, Menyeteske the Demonspawn Abyssal Knight.
Lugonu says: Spread carnage and corruption!
Press ? for a list of commands and other information.
Unknown command.
Are you sure you want to abandon this character and quit the game? (Confirm with "yes".)

####....#..........#
#....#..#####.#######
#....# #..........
#....# #.#.#######
#..♣♣♣ #.#.# ####♣.♣
# #.# ...♣♣.. #.#
..♣♣PP. #.# ..♣
....P♣ #@# ..♣ .♣...P
#.# ..♣ ♣♣♣P. #.#
..♣♣.♣.P #.# ....♣ .♣
# #.# ....#♣.♣♣.#..
#.# ....#........ #.#
.#.....# #.#
##.#######


There were no monsters in sight!

Vanquished Creatures
  A leopard gecko (D:1)
  A bat (D:1)
  4 goblins (D:1)
  3 hobgoblins (D:1)
  3 jackals (D:1)
  2 kobolds (D:1)
  2 rats (D:1)
16 creatures vanquished.

Notes
Turn   | Place    | Note
-------+----------+-------------------------------------------
     0 | Abyss:1  | Menyeteske the Demonspawn Abyssal Knight began the quest
                  | for the Orb.
     0 | Abyss:1  | Reached XP level 1. HP: 18/18 MP: 2/2
    31 | D:1      | Escaped the Abyss
   548 | D:1      | Gained mutation: You have large cloven feet. [demonic
                  | ancestry]
   548 | D:1      | Reached XP level 2. HP: 17/24 MP: 3/3
   550 | D:1      | Reached skill level 1 in Dodging
   884 | D:1      | Quit the game

Levels and vault maps discovered:
D:1:      dpeg_arrival_lava_temple_mockup, layout_basic, serial_forest,
          infiniplex_forest_3_way, infiniplex_forest_clump_small,
          infiniplex_forest_clump_small, infiniplex_forest_zigzag_2,
          infiniplex_forest_straight_3, minmay_distorted

Skill      XL: |  1  2 |
---------------+-------+-----
Armour         | 2 |  2.1
Dodging        | 1 |  1.0
Maces & Flails | 2 |  2.0
Fighting       | |  3.5
Invocations    | |  2.4

Action                   || total
-------------------------++-------
Melee: Mace              ||    53
       Kick              ||     6
  Use: Scroll            ||     2
Armor: Leather armour    ||    25
Dodge: Dodged            ||    46
Block: Buckler           ||     1

Table legend:
 A = Non-vault XP
 B = Vault XP
 C = Vault XP percentage of total XP
 D = Non-vault monster count
 E = Vault monster count
 F = Vault count percentage of total count
                 A         B        C        D         E       F
            +---------+---------+-------+---------+---------+-------
      Total |      28 |       3 |   9.7 |      14 |       2 |  12.5
            +---------+---------+-------+---------+---------+-------
        D:1 |      28 |       3 |   9.7 |      14 |       2 |  12.5
            +---------+---------+-------+---------+---------+-------
